 Dungeon Crawl Stone Soup version 0.30-a0-43-gbbf338a72c (webtiles) character file.

Game seed: 4156379667510121413

13 ytrimaz the Insei (level 2, 18/18 HPs)
             Began as an Octopode Transmuter on Aug 31, 2022.
             Was a Follower of Okawaru.
             Quit the game on level 1 of the Dungeon.
             The game lasted 00:01:06 (681 turns).

ytrimaz the Insei (Octopode Transmuter)              Turns: 681, Time: 00:01:07

Health: 18/18      AC:  1    Str:  9    XL:     2   Next: 37%
Magic:  5/5        EV: 13    Int: 15    God:    Okawaru [*.....]
Gold:   17         SH:  0    Dex: 12    Spells: 2/5 levels left

rFire   . . .      SeeInvis .      - Unarmed
rCold   . . .      Faith    .    (no shield)
rNeg    . . .      Spirit   .    (helmet restricted)
rPois   .          Reflect  .    (no amulet)
rElec   .          Harm     .    (no ring)
rCorr   .          Rampage  .    (no ring)
Will    .....                    (no ring)
Stlth   ++........               (no ring)
HPRegen 0.06/turn                (no ring)
MPRegen 0.09/turn                (no ring)
                                 (no ring)
                                 (no ring)

@: no status effects
A: almost no armour, amphibious, 8 rings, camouflage 1, gelatinous body 1,
(nimble swimmer 1), tentacles
a: Renounce Religion, Heroism


You were on level 1 of the Dungeon.
You worshipped Okawaru.
Okawaru was aware of your devotion.
You visited 1 branch of the dungeon, and saw 1 of its levels.

You collected 17 gold pieces.


Innate Abilities, Weirdness & Mutations

You cannot wear most types of armour.
You are amphibious.
You can wear up to eight rings at the same time.
Your skin changes colour to match your surroundings (Stealth+).
Your rubbery body absorbs attacks. (AC +1, EV +1)
((You are camouflaged when in or above water. (Stealth+)))
You have tentacles for arms and can constrict up to eight enemies at once.


   Skills:
 - Level 1.0 Fighting
 - Level 2.0 Dodging
 + Level 3.7 Unarmed Combat
 - Level 2.0 Spellcasting
 - Level 2.0 Transmutations


You had 2 spell levels left.
You knew the following spells:

 Your Spells              Type           Power      Damage    Failure   Level
a - Beastly Appendage     Tmut           14%        N/A       10%         1
b - Wereblood             Tmut           7%         N/A       14%         2

Your spell library contained the following spells:

 Spells                   Type           Power      Damage    Failure   Level
 Poisonous Vapours        Pois/Air       2%         N/A       32%         2
 Spider Form              Tmut/Pois      4%         N/A       41%         3
 Ice Form                 Ice/Tmut       4%         N/A       82%         4
 Corpse Rot               Necr/Pois/Air  1%         N/A       91%         4

Inventory:

Missiles
 d - 3 atropa-tipped darts {throwing}
 g - 5 poisoned darts {throwing}
 i - 9 stones {throwing}
Scrolls
 f - a scroll of teleportation {unknown}
Potions
 a - a potion of lignification {!q}
 b - a potion of degeneration {unknown}
 c - a potion of might {unknown}
 e - a potion of heal wounds {unknown}
 h - a potion of flight {unknown}

Dungeon Overview and Level Annotations

Branches:
Dungeon (1/15) Zot: 5320

Altars:
Okawaru

...# #. #..... #
###.##### #.###.####
#.#.......# #.....#
#.#.#.###.########.###
#.!...# #........#.######
###.### ######.....#.....
#.##########.###...##
#.##.........# #.#..#
#.....@.####.###....#
#†....#.# #.....#..#
#........# ###.#.#..###
#.........# ###.#†#.....
#.........# #.........P~
#...!....... #....†....≈~
#.[....................~≈
#..#####.##.##.......^.~~
# #.........≈~


There were no monsters in sight!


Message History

You now have 18 max hp (+5).
Your hp is fully restored (18).
Your mp is fully restored (5).
A kobold comes into view. It is wielding a +0 club.
Unknown command.
A kobold is nearby!
Unknown command.
The kobold shouts!
You barely miss the kobold. Your grab misses the kobold.
The kobold barely misses you.
You tentacle-slap the kobold. Your grab misses the kobold.
The kobold hits you with a +0 club. 😕 HP[-1]
You take 1 damage, and now have 17/18 hp.
Unknown command.
You closely miss the kobold. Your grab misses the kobold.
You squeeze the kobold.
You kill the kobold!
Things that are here:
a +0 club {mace}; a kobold corpse No target in view!
Unknown command.
Key pressed, stopping explore.
A hobgoblin comes into view. 😎 HP[+1]
Your hp is fully restored (18).
A hobgoblin is nearby!
Unknown command.
The helpless hobgoblin fails to defend itself.
You tentacle-slap the hobgoblin. Your grab misses the hobgoblin.
The hobgoblin misses you.
You barely miss the hobgoblin. You grab the hobgoblin.
You constrict the hobgoblin. The hobgoblin barely misses you.
Unknown command.
You tentacle-slap the hobgoblin.
You kill the hobgoblin!
h - a blue potion You now have 17 gold pieces (gained 5).
A hobgoblin comes into view.
A hobgoblin is nearby!
A hobgoblin is nearby!
A rat comes into view.
The hobgoblin shouts!
Unknown command.
You barely miss the hobgoblin. You grab the hobgoblin.
You squeeze the hobgoblin.
You kill the hobgoblin!
You see here a hobgoblin corpse.
You closely miss the rat. You grab the rat. You constrict the rat.
The rat misses you.
You barely miss the rat. You tentacle-slap the rat.
You kill the rat!
No target in view!
You see here a rat corpse.
No target in view!
Unknown command.
Okay, then.
Memorise Wereblood, consuming 2 spell levels and leaving 2?
You start memorising the spell.
You continue memorising. x2
You finish memorising.
Spell assigned to 'b'.
Unknown command.
Found a faded altar of an unknown god.
i - 9 stones {throwing} A quokka comes into view.
A quokka is nearby!
A quokka is nearby!
Unknown command.
A quokka is nearby!
A quokka is nearby!
One of your tentacles grows a vicious spike. 😎 MP[-1]
You lost 1 mp, and now have 4/5 mp.
Your transformation is almost over.
The helpless quokka fails to defend itself.
You tentacle-slap the quokka. Your grab misses the quokka.
You pierce the quokka.
You kill the quokka!
No target in view!
Unknown command.
No target in view!
Your tentacle spike disappears.
A rat comes into view. 😎 MP[+1]
Your mp is fully restored (5).
You barely miss the rat. You grab the rat. You constrict the rat.
The rat closely misses you.
You tentacle-slap the rat.
You kill the rat!
Unknown command.
No target in view!
No target in view!
You pick up a book of Vapours and begin reading...
You add the spells Poisonous Vapours and Corpse Rot to your library.
There is a faded altar of an unknown god here.
You cannot tell which god this altar belongs to.
Convert to them anyway?
Okawaru accepts your prayer! Okawaru welcomes you!
You can now gain great but temporary skills.
Unknown command.
Press < or > to pray at altars.
Are you sure you want to abandon this character and quit the game? (Confirm with "yes".)

Action                   || total
-------------------------++-------
Melee: Unarmed           ||    30
       Constrict         ||     9
       Tentacles         ||     5
       Kick              ||     2
       Punch             ||     1
 Cast: Beastly Appendage ||     2
 Stab: Sleeping          ||     2
Dodge: Dodged            ||    16

Levels and vault maps discovered:
D:1:      giann_bridges, layout_loops_ring, basic_ecumenical_altar

Notes
Turn   | Place    | Note
-------+----------+-------------------------------------------
     0 | D:1      | ytrimaz the Octopode Transmuter began the quest for the
                  | Orb.
     0 | D:1      | Reached XP level 1. HP: 13/13 MP: 3/3
     0 | D:1      | magus.rc [v1.9.6]
    34 | D:1      | HP: 2/13 [hobgoblin (3)]
   515 | D:1      | Reached XP level 2. HP: 18/18 MP: 5/5
   636 | D:1      | Learned a level 2 spell: Wereblood
   642 | D:1      | Found a faded altar of an unknown god.
   675 | D:1      | You pick up a book of Vapours and begin reading...
   675 | D:1      | You add the spells Poisonous Vapours and Corpse Rot to your
                  | library.
   680 | D:1      | Prayed at the altar of an unknown god.
   680 | D:1      | Became a worshipper of Warmaster Okawaru
   680 | D:1      | Reached * piety under Okawaru
   681 | D:1      | Quit the game

Vanquished Creatures
  A ball python (D:1)
  An endoplasm (D:1)
  A giant cockroach (D:1)
  3 hobgoblins (D:1)
  A quokka (D:1)
  A frilled lizard (D:1)
  A kobold (D:1)
  3 rats (D:1)
12 creatures vanquished.

Table legend:
 A = Non-vault XP
 B = Vault XP
 C = Vault XP percentage of total XP
 D = Non-vault monster count
 E = Vault monster count
 F = Vault count percentage of total count
                 A         B        C        D         E       F
            +---------+---------+-------+---------+---------+-------
      Total |      19 |       0 |   0.0 |      12 |       0 |   0.0
            +---------+---------+-------+---------+---------+-------
        D:1 |      19 |       0 |   0.0 |      12 |       0 |   0.0
            +---------+---------+-------+---------+---------+-------

Illustrated notes

Table legend:
 A = Kills in this place as a percentage of kills in entire the game.
 B = Kills by you in this place as a percentage of kills by you in the entire game.
 C = Kills by friends in this place as a percentage of kills by friends in the entire game.
 D = Other kills in this place as a percentage of other kills in the entire game.
 E = Experience gained in this place as a percentage of experience gained in the entire game.
 F = Experience gained in this place divided by the number of levels of this place that you have seen.
                   A       B       C       D       E      F
               +-------+-------+-------+-------+-------+----------------------
         Total | 100.0 | 100.0 |   N/A |   N/A | 100.0 |  19.0
       Dungeon | 100.0 | 100.0 |   N/A |   N/A | 100.0 |  19.0
               +-------+-------+-------+-------+-------+----------------------

Table legend: (Time is in decaauts)
 A = Elapsed time spent in this place.
 B = Non-inter-level travel time spent in this place.
 C = Inter-level travel time spent in this place.
 D = Time resting spent in this place.
 E = Time spent auto-exploring this place.
 F = Levels seen in this place.
 G = Mean time per level.
                   A        B        C        D        E       F      G
               +--------+--------+--------+--------+--------+-----+--------+
         Total |    679 |    679 |      0 |      0 |    577 |   1 |  679.0 |
       Dungeon |    679 |    679 |      0 |      0 |    577 |   1 |  679.0 |
               +--------+--------+--------+--------+--------+-----+--------+

Top non-repeatable levels by time:
     D:1: 679 daAuts
